 Dungeon Crawl Stone Soup version 0.32-a0-699-g1ee5eff69a (webtiles) character file.

Game seed: 16417983381673221730

3231 BubbleThief the Cleaver (level 9, 0/84 HPs)
             Began as a Minotaur Berserker on Mar 13, 2024.
             Was a Priest of Trog.
             Shot with an arrow by a centaur (3 damage)
             ... on level 7 of the Dungeon.
             The game lasted 00:08:15 (5905 turns).

BubbleThief the Cleaver (Minotaur Berserker)        Turns: 5905, Time: 00:08:16

Health: 0/84       AC: 10    Str: 22    XL:     9   Next: 66%
Magic:  8/8        EV:  8    Int:  4    God:    Trog [***...]
Gold:   245        SH:  0    Dex: 14    Spells: 8/8 levels left

rFire   . . .        a - +0 hand axe
rCold   . . .        (no shield)
rNeg    . . .        r - +0 chain mail
rPois   .            (helmet restricted)
rElec   .            (no cloak)
rCorr   +            (no gloves)
SInv    .            (no boots)
Will    .....        (no amulet) Stlth
                     c - ring of resist corrosion
HPRegen 0.34/turn    (no ring)
MPRegen 0.11/turn

%: no passive effects
@: no status effects
A: horns 2, retaliatory headbutt
a: Renounce Religion, Berserk, Trog's Hand


You were on level 7 of the Dungeon.
You worshipped Trog.
Trog was most pleased with you.
You visited 1 branch of the dungeon, and saw 6 of its levels.
You also visited: Sewer.

You collected 320 gold pieces.
You spent 75 gold pieces at shops.

Inventory:

Hand Weapons
 a - a +0 hand axe (weapon)
Missiles
 q - 6 silver javelins (quivered)
Armour
 r - a +0 chain mail (worn)
Jewellery
 c - a ring of resist corrosion (left hand)
 u - an amulet of faith
 y - a ring of fire
Wands
 b - a wand of quicksilver (7)
Scrolls
 e - a scroll of revelation {unknown}
 g - 2 scrolls of brand weapon {unknown}
 m - a scroll of identify
 n - 5 scrolls of teleportation
 o - a scroll of vulnerability {unknown}
 s - a scroll of blinking {unknown}
 t - a scroll of immolation {unknown}
 w - a scroll of fog {unknown}
Potions
 d - 2 potions of mutation
 f - a potion of enlightenment {unknown}
 h - 2 potions of lignification {unknown}
 i - 2 potions of invisibility {unknown}
 j - a potion of ambrosia {unknown}
 k - 8 potions of curing
 l - a potion of berserk rage {unknown}
 p - a potion of degeneration {unknown}
 v - a potion of haste {unknown}
 x - a potion of heal wounds
 z - a potion of cancellation {unknown}


   Skills:
 + Level 9.5 Fighting
 * Level 12.7 Axes
 + Level 6.5 Armour
 - Level 2.1 Dodging


You had 8 spell levels left.
You didn't know any spells.
Your spell library was empty.

Dungeon Overview and Level Annotations

Branches:
Dungeon (7/15)              Sewer (visited)
 Temple: D:4-7

Altars:
Dithmenos
Nemelex Xobeh
Okawaru
Qazlal
Ru
Yredelemnul

Shops:
D:5 !!![[

Portals:
Abyss: D:6

Annotations:
D:6 2 transporters, ytrimaz's ghost, novice DjFE


Innate Abilities, Weirdness & Mutations

You have a pair of horns on your head.
You reflexively headbutt those who attack you in melee.


Message History

An orc comes into view. It is wielding a +0 whip.
The bullfrog hits you.
You see here a +0 orcbow.
The centaur shoots an arrow.
The arrow hits you. The arrow freezes you.
The bullfrog attacks as it pursues you!
The bullfrog hits you but does no damage.
The bullfrog completely misses you. You furiously retaliate!
You headbutt the bullfrog! The bullfrog hits you.
* * * LOW HITPOINT WARNING * * *
The bullfrog barely misses you. You furiously retaliate!
You headbutt the bullfrog. The bullfrog attacks as it pursues you!
The bullfrog hits you but does no damage.
The bullfrog closely misses you.
You feel yourself speed up. The bullfrog hits you.
* * * LOW HITPOINT WARNING * * *
You barely miss the bullfrog.
The bullfrog is severely wounded.
The bullfrog hits you but does no damage.
You closely miss the bullfrog. You headbutt the bullfrog.
The bullfrog is almost dead.
The bullfrog completely misses you.
You barely miss the bullfrog. You headbutt the bullfrog.
You kill the bullfrog!
Trog accepts your kill.
The centaur zaps a wand.
Space twists violently!
The rupture engulfs you!
You blink.
* * * LOW HITPOINT WARNING * * *
You hear a bellow!
Aiming: Quicksilver Bolt
Press: ? - help, Shift-Dir - straight line, f - centaur
Aim: a centaur, wielding a +0 shortbow of freezing and carrying a wand of warping (83% to hit)
The bolt of dispelling energy hits the centaur!!
The centaur is almost dead.
The centaur shoots an arrow.
The arrow hits you!
* * * LOW HITPOINT WARNING * * *
The arrow freezes you.
You die...

.......# #.# ..# #.###
#.# #.# #§..# #.# #.
###.###†#.### #.# #.
#.)oY5.c†...###.# .#
#.)....≈.....##.######
..
#.Y5♣♣.o≈._...........#
#. .......
♣..≈........####.# #.
...##.. ♣..≈≈≈≈@###.#
#.# ##. #. #.. ♣.......#
#.# #.# #.. . #..
♣.......# #.# #.# #..
...
♣♣♣♣♣♣...##.####.#####..
... ♣..................
......###.......#####.
......# #.............
##..### #>......######
#. ....##...#.##


You could see a sky beast, a centaur, a white imp and an orc.

Vanquished Creatures
  Pikel (D:5)
  Menkaure (D:7)
  2 water moccasins (D:6)
  4 black bears
  2 sky beasts (D:6)
  An ice beast (D:6)
  3 ogres
  A centaur (D:7)
  4 lemures (D:5)
  6 kobold brigands
  3 bullfrogs
  3 scorpions
  3 killer bees (D:7)
  2 bombardier beetles (D:5)
  2 jellies
  2 orc priests
  A gnoll bouda (D:5)
  2 iguanas
  3 orc wizards
  2 sleepcaps
  4 gnolls (D:5)
  5 adders
  3 river rats (Sewer)
  2 shadow imps
  A dart slug (D:1)
  2 ribbon worms
  13 orcs
  2 bats (D:1)
  6 endoplasms
  A giant cockroach (D:4)
  2 goblins
  3 hobgoblins
  3 jackals (D:1)
  A quokka (D:2)
  11 ball pythons
  3 frilled lizards
  10 kobolds
  6 rats
126 creatures vanquished.

Notes
Turn   | Place    | Note
-------+----------+-------------------------------------------
     0 | D:1      | BubbleThief the Minotaur Berserker began the quest for the
                  | Orb.
     0 | D:1      | Reached XP level 1. HP: 19/19 MP: 0/0
   148 | D:1      | Reached skill level 4 in Axes
   153 | D:1      | Reached XP level 2. HP: 23/27 MP: 1/1
   182 | D:1      | Found a faded altar of an unknown god.
   840 | D:2      | Reached XP level 3. HP: 24/33 MP: 2/2
   891 | D:2      | You fall into a shaft and drop 2 floors!
   993 | D:4      | Reached ** piety under Trog
  1089 | D:4      | Reached skill level 5 in Axes
  1089 | D:4      | Reached XP level 4. HP: 34/41 MP: 3/3
  1145 | D:4      | Found a glowing drain.
  1152 | Sewer    | Entered a sewer
  1169 | Sewer    | Noticed a kobold brigand
  1188 | Sewer    | Killed a kobold brigand
  1189 | Sewer    | Reached skill level 5 in Fighting
  1189 | Sewer    | Reached skill level 6 in Axes
  1189 | Sewer    | Reached XP level 5. HP: 4/48 MP: 4/4
  1579 | Sewer    | Reached skill level 7 in Axes
  1579 | Sewer    | Reached XP level 6. HP: 52/56 MP: 5/5
  1928 | D:4      | HP: 2/57 [orc/+0 dagger (4)]
  2183 | D:4      | Reached skill level 8 in Axes
  2555 | D:4      | Reached XP level 7. HP: 54/64 MP: 6/6
  2764 | D:4      | Found a shadowy altar of Dithmenos.
  2764 | D:4      | Found a sparkling altar of Nemelex Xobeh.
  2764 | D:4      | Found a stormy altar of Qazlal.
  3112 | D:5      | Entered Level 5 of the Dungeon
  3112 | D:5      | Found Aguriyfe's Distillery.
  3112 | D:5      | Found an iron altar of Okawaru.
  3174 | D:5      | Bought a potion of heal wounds for 75 gold pieces
  3194 | D:5      | Reached skill level 9 in Axes
  3247 | D:5      | Found Haemabuc's Distillery.
  3268 | D:5      | Reached *** piety under Trog
  3628 | D:5      | Reached XP level 8. HP: 65/73 MP: 7/7
  3805 | D:5      | Noticed Pikel
  3817 | D:5      | Killed Pikel
  3818 | D:5      | Reached skill level 10 in Axes
  3907 | D:5      | Found Wanlid's Antique Armour Shop.
  3968 | D:5      | Found Wumufrat's Antique Armour Emporium.
  4016 | D:5      | Found a stormy altar of Qazlal.
  4168 | D:5      | Found a sacrificial altar of Ru.
  4287 | D:5      | Found Haki's Distillery.
  4677 | D:6      | Noticed a raiju
  4707 | D:6      | HP: 4/111 [ice beast (11)]
  4712 | D:6      | Reached skill level 11 in Axes
  4923 | D:6      | Noticed ytrimaz's ghost (novice DjFE)
  4931 | D:6      | Found a one-way gate to the infinite horrors of the Abyss.
  5045 | D:6      | Found a transporter.
  5047 | D:6      | Found a transporter.
  5125 | D:6      | Reached skill level 5 in Armour
  5125 | D:6      | Reached XP level 9. HP: 73/82 MP: 8/8
  5399 | D:6      | Reached skill level 12 in Axes
  5724 | D:7      | Found a basalt altar of Yredelemnul.
  5727 | D:7      | Noticed Menkaure
  5789 | D:7      | Killed Menkaure
  5905 | D:7      | HP: 3/84 [centaur/arrow (8)]
  5905 | D:7      | Shot with an arrow by a centaur

Illustrated notes

Levels and vault maps discovered:
D:1:      minmay_arrival_widening_spiral_wide, layout_rooms,
          shapermc_ecumenical_altar_pompeii
D:2:      layout_basic
D:4:      layout_layer_cave, gammafunk_temple_overflow_claw,
          mainiacjoe_sewer_entry_somewhere_in_here_1
D:5:      nicolae_cairo_tiling_large_dashed, layout_basic,
          nicolae_ru_the_path_less_chosen, serial_shops,
          nicolae_shop_behind_doors, shop, shop, nicolae_shop_window_shopping,
          shop, hangedman_feature_mirror, kennysheep_decorative_pillar,
          uniq_pikel
D:6:      layout_rooms, gammafunk_ghost_abyssal_escape,
          serial_library_hellmonk_statue_hall
D:7:      cheibrodos_fzero, layout_loops_ring, mainiacjoe_overflow_chevrons,
          minmay_temple_entry_statues_fountains, uniq_menkaure

Skill      XL: |  1  2  3  4  5  6  7  8  9 |
---------------+----------------------------+-----
Axes           | 4 5 6 7 8 9 11 12 | 12.7
Fighting       | 4 5 6 7 8 9 |  9.5
Armour         | 5 6 |  6.5
Dodging        | |  2.1

Action                     |  1- 3 |  4- 6 |  7- 9 || total
---------------------------+-------+-------+-------++-------
  Melee: Hand axe          |    67 |   110 |   260 ||   437
         Headbutt          |    12 |    22 |    52 ||    86
  Throw: Javelin           |       |       |     7 ||     7
 Invoke: Berserk           |     1 |       |     2 ||     3
  Evoke: Wand              |       |       |     1 ||     1
    Use: Scroll            |     2 |     1 |       ||     3
         Potion            |       |       |     1 ||     1
 Armour: Animal skin       |    49 |    36 |       ||    85
         Chain mail        |       |    21 |   197 ||   218
  Dodge: Dodged            |    32 |    45 |    85 ||   162

Table legend: (Time is in decaauts)
 A = Elapsed time spent in this place.
 B = Non-inter-level travel time spent in this place.
 C = Inter-level travel time spent in this place.
 D = Time resting spent in this place.
 E = Time spent auto-exploring this place.
 F = Levels seen in this place.
 G = Mean time per level.
                   A        B        C        D        E       F      G
               +--------+--------+--------+--------+--------+-----+--------+
         Total |   5953 |   5830 |    123 |    767 |   4018 |   7 |  850.4 |
       Dungeon |   5183 |   5060 |    123 |    679 |   3563 |   6 |  863.8 |
         Sewer |    770 |    770 |      0 |     88 |    454 |   1 |  770.0 |
               +--------+--------+--------+--------+--------+-----+--------+

Top non-repeatable levels by time:
     D:4: 1515 daAuts
     D:5: 1509 daAuts
     D:6: 1023 daAuts
   Sewer: 770 daAuts
     D:1: 653 daAuts
     D:2: 242 daAuts
     D:7: 238 daAuts
